 Dungeon Crawl Stone Soup version 0.19.0-11-g3fc08b3 (webtiles) character file.

725 JeffiDaFish the Shield-Bearer (level 7, -5/43 HPs)
             Began as a Gargoyle Fighter on Nov 9, 2016.
             Was an Initiate of Makhleb.
             Slain by an ogre
             ... wielding a +0 giant club
              (19 damage)
             ... on level 5 of the Dungeon.
             The game lasted 00:12:40 (4672 turns).

JeffiDaFish the Shield-Bearer (Gargoyle Fighter)    Turns: 4672, Time: 00:12:41

Health: -5/43      AC: 13    Str: 21    XL:     7   Next: 72%
Magic:  7/7        EV:  8    Int:  9    God:    Makhleb [......]
Gold:   226        SH: 10    Dex:  9    Spells: 0 memorised, 6 levels left

rFire  . . .     SeeInvis .     r - +2 mace (drain)
rCold  + . .     Gourm    .     b - +0 scale mail
rNeg   + . .     Faith    .     c - +0 shield
rPois  ∞         Spirit   .     (no helmet)
rElec  +         Reflect  .     (no cloak)
rCorr  .         Harm     .     (no gloves)
MR     .....                    j - +0 pair of boots
Stlth  ..........               (no amulet)
                                (no ring)
                                i - ring of protection from cold

@: no status effects
A: negative energy resistance 1, electricity resistance, unbreathing,
petrification resistance, rot immunity, AC +4
a: Renounce Religion


You were on level 5 of the Dungeon.
You worshipped Makhleb.
Makhleb was noncommittal.
You were not hungry.

You visited 2 branches of the dungeon, and saw 6 of its levels.

You collected 226 gold pieces.

Inventory:

Hand Weapons
 r - a +2 mace of draining (weapon)
Armour
 b - a +0 scale mail (worn)
 c - a +0 shield (worn)
 j - a +0 pair of boots (worn)
Jewellery
 i - a ring of protection from cold (left hand)
Scrolls
 k - a scroll of teleportation
 m - a scroll of blinking
 o - 5 scrolls of identify
 p - 3 scrolls of remove curse
Potions
 d - a potion of might
 e - a potion of flight
 h - a potion of curing
 l - 3 potions of magic
Comestibles
 a - a chunk of flesh
 f - 6 bread rations
 g - 2 meat rations
 n - a royal jelly


   Skills:
 + Level 4.2 Fighting
 + Level 4.8 Maces & Flails
 + Level 4.8 Armour
 + Level 2.0 Dodging
 + Level 6.2 Shields


You had 6 spell levels left.
You didn't know any spells.

Dungeon Overview and Level Annotations

Branches:
Dungeon (5/15)             Temple (1/1) D:4

Altars:
Ashenzari
Cheibriados
Dithmenos
Elyvilon
Fedhas
Gozag
Hepliaklqana
Kikubaaqudgha
Makhleb
Okawaru
Qazlal
Ru
Sif Muna
Trog
Uskayaw
Vehumet
Xom
Yredelemnul
Zin
The Shining One

Shops:
D:4 *


Innate Abilities, Weirdness & Mutations

You are resistant to torment.
Your stone body is resilient. (AC +4)
You are immune to poison.
You resist negative energy. (rN+)
You are resistant to electric shocks. (rElec)
You can survive without breathing.
You are immune to petrification.
You are immune to rotting.


Message History

The bullfrog skeleton is heavily damaged.
The ogre barely misses you. The bullfrog skeleton hits you.
You sock the bullfrog skeleton!
The bullfrog skeleton is almost destroyed.
You block the bullfrog skeleton's attack.
The ogre hits you with a giant club!
The bullfrog skeleton barely misses you.
You hit the bullfrog skeleton.
The bullfrog skeleton is almost destroyed.
The bullfrog skeleton closely misses you.
You block the ogre's attack.
The bullfrog skeleton closely misses you.
You sock the bullfrog skeleton!
You destroy the bullfrog skeleton!
Makhleb accepts your kill.
Your Dodging skill increases to level 2!
The ogre closely misses you.
You barely miss the ogre. You block the ogre's attack.
You barely miss the ogre. The ogre hits you with a giant club!!
You die...

......# #.# # ......#
#.# .# ..)...# #.#
######.# ......# #.#
#......# #'##### #.#
#......#
.....######.###......#
.....................#
.....######.###......#
.....# #.# #.@....#
.##.## #.# #.O....# .#
... #.# #...)...# .#
...# #.# #..)...... .#
..# #.# #####..... .#
#.# ..... .# #.# ..##
.##...## #.# ..#
.##....# #.#


You could see an ogre.

Vanquished Creatures
  The ghost of CompileTime the Cudgeler, an amateur GrGl (D:3)
  Eustachio (D:4)
  3 orc priests
  2 bullfrog skeletons
  An orc wizard (D:5)
  11 adders
  A shadow imp (D:3)
  A dart slug (D:3)
  5 leopard geckos
  22 orcs
  2 ball pythons
  3 giant cockroaches
  7 goblins
  4 hobgoblins
  10 jackals
  9 kobolds
  4 quokkas
  5 bats
  6 frilled lizards
  A leopard gecko skeleton (D:4)
  A quokka skeleton (D:4)
  10 rats
110 creatures vanquished.

Notes
Turn   | Place    | Note
-------+----------+-------------------------------------------
     0 | D:1      | JeffiDaFish the Gargoyle Fighter began the quest for the Orb.
     0 | D:1      | Reached XP level 1. HP: 14/14 MP: 1/1
   139 | D:1      | Reached XP level 2. HP: 4/19 MP: 2/2
   573 | D:1      | Reached skill level 4 in Shields
   640 | D:1      | Reached XP level 3. HP: 21/23 MP: 3/3
  1230 | D:2      | Reached XP level 4. HP: 24/28 MP: 4/4
  1440 | D:2      | Found a shimmering altar of Xom.
  1548 | D:3      | Found a faded altar of an unknown god.
  1548 | D:3      | Found a glowing golden altar of the Shining One.
  1553 | D:3      | Found a faded altar of an unknown god.
  1555 | D:3      | Found a faded altar of an unknown god.
  1557 | D:3      | Found a faded altar of an unknown god.
  1850 | D:3      | Noticed CompileTime's ghost (amateur GrGl)
  1869 | D:3      | Killed CompileTime's ghost
  1869 | D:3      | Reached skill level 1 in Dodging
  1869 | D:3      | Reached skill level 5 in Shields
  1869 | D:3      | Reached XP level 5. HP: 20/33 MP: 5/5
  1869 | D:3      | Reached XP level 6. HP: 24/38 MP: 6/6
  2062 | D:3      | Found a shattered altar of Ashenzari.
  2798 | D:4      | Noticed Eustachio
  2856 | D:4      | Killed Eustachio
  2856 | D:4      | Reached XP level 7. HP: 15/43 MP: 7/7
  3095 | D:4      | Found an ancient bone altar of Kikubaaqudgha.
  3250 | D:4      | Reached skill level 6 in Shields
  3345 | D:4      | Found a staircase to the Ecumenical Temple.
  3379 | Temple   | Entered the Ecumenical Temple
  3648 | D:4      | Found a bloodstained altar of Trog.
  3750 | D:4      | Found a burning altar of Makhleb.
  3754 | D:4      | Became a worshipper of Makhleb the Destroyer
  4292 | D:4      | Found Xoraare's Assorted Antiques.
  4357 | D:5      | Entered Level 5 of the Dungeon
  4554 | D:5      | Found a blossoming altar of Fedhas.
  4672 | D:5      | Slain by an ogre

Skill      XL: |  1  2  3  4  5  6  7 |
---------------+----------------------+-----
Shields        | 4 5 6 |  6.2
Maces & Flails | 3 4 |  4.8
Armour         | 4 |  4.8
Dodging        | 1 2 |  2.0
Fighting       | 4 |  4.2

Action                   |  1- 3 |  4- 6 |  7- 9 || total
-------------------------+-------+-------+-------++-------
Melee: Flail             |   165 |   320 |   116 ||   601
       Mace              |       |       |    36 ||    36
  Use: Potion            |     4 |     3 |     1 ||     8
       Scroll            |     3 |     4 |     2 ||     9
  Eat: Chunk             |     1 |     6 |     7 ||    14
Armor: Scale mail        |   152 |   226 |   102 ||   480
Dodge: Dodged            |    84 |   173 |    73 ||   330
Block: Shield            |   130 |   236 |   103 ||   469
